 Dungeon Crawl Stone Soup version 0.21.1-1-g345015f (webtiles) character file.

4498 Kuinu the Carver (level 10, -9/79 HPs)
             Began as a Mummy Chaos Knight on July 17, 2018.
             Mangled by a very large slime creature (37 damage)
             ... on level 9 of the Dungeon.
             The game lasted 01:08:43 (6873 turns).

Kuinu the Carver (Mummy Chaos Knight)               Turns: 6873, Time: 01:08:44

Health: -9/79      AC: 20    Str: 18    XL:     10   Next: 16%
Magic:  10/10      EV: 10    Int: 13    God:    Xom [.....*]
Gold:   56         SH:  0    Dex: 19    Spells: 5/9 levels left

rFire    x . .     SeeInvis .   S - +1 great sword
rCold    + . .     Gourm    .   (shield currently unavailable)
rNeg     + + +     Faith    .   O - +0 chain mail
rPois    ∞         Spirit   .   L - +0 helmet
rElec    .         Reflect  .   n - +3 cloak "Bocwiume" {Regen+ Dex+4}
rCorr    .         Harm     .   H - +0 pair of gloves
MR       +....                  (no boots)
Stlth    ..........             N - amulet of rage
HPRegen  0.63/turn              c - +4 ring of protection
MPRegen  0.12/turn              Y - +4 ring of dexterity

@: no status effects
A: no food or potions, fire vulnerability, cold resistance 1, negative energy
resistance 3, torment resistance, unbreathing
a: Renounce Religion


You were on level 9 of the Dungeon.
You worshipped Xom.
You were Xom's teddy bear.
You were not hungry.

You visited 1 branch of the dungeon, and saw 10 of its levels.

You collected 524 gold pieces.
You spent 468 gold pieces at shops.

Inventory:

Hand Weapons
 a - a +1 falchion of chaos
 g - a +0 dagger of flaming
 o - a +1 flail of draining
 s - a +1 whip of venom
 D - a cursed +5 battleaxe
 K - a +2 whip of distortion
 M - a +0 long sword
 S - a +1 great sword (weapon)
 Z - a +3 rapier
Missiles
 d - 240 stones (quivered)
 R - 47 arrows
 U - 3 steel javelins
Armour
 b - a +2 leather armour
 n - the +3 cloak "Bocwiume" (worn) {Regen+ Dex+4}
   (Xom gifted it to you on level 1 of the Dungeon)

   It affects your dexterity (+4).
   It increases your rate of regeneration.
 p - a +0 chain mail
 E - a +0 ring mail
 H - a +0 pair of gloves (worn)
 L - a +0 helmet (worn)
 O - a +0 chain mail (worn)
 T - a +0 chain mail
 V - a +0 robe
 W - a +0 scale mail
Magical Staves
 t - an uncursed staff of conjuration {unknown}
Jewellery
 c - a +4 ring of protection (left hand)
 J - an uncursed ring of see invisible
 N - an amulet of rage (around neck)
 Y - a +4 ring of dexterity (right hand)
Wands
 y - a wand of iceblast (8)
Scrolls
 e - a scroll of random uselessness
 f - 3 scrolls of noise
 h - a scroll of fear
 k - a scroll of blinking
 r - 2 scrolls of enchant weapon
 x - 5 scrolls of remove curse
 G - 2 scrolls of fog
 P - a scroll of teleportation
 X - a scroll of enchant armour {unknown}
Potions
 m - a potion of brilliance {unknown}
 q - 2 potions of curing
 u - 2 potions of might
 v - 2 potions of degeneration
 A - a potion of agility
 B - 2 potions of ambrosia
 F - 3 potions of lignification
 I - a potion of resistance
Books
 j - a book of Changes

   Spells                             Type                      Level
   a - Beastly Appendage              Transmutation                1
   b - Sticks to Snakes               Transmutation                2
   c - Spider Form                    Transmutation/Poison         3
   d - Ice Form                       Ice/Transmutation            4
   e - Blade Hands                    Transmutation                5
 w - a book of Cantrips

   Spells                             Type                      Level
   a - Confusing Touch                Hexes                        1
   b - Animate Skeleton               Necromancy                   1
   c - Summon Small Mammal            Summoning                    1
   d - Apportation                    Translocation                1
 z - a book of Geomancy

   Spells                             Type                      Level
   a - Sandblast                      Earth                        1
   b - Passwall                       Transmutation/Earth          2
   c - Stone Arrow                    Conjuration/Earth            3
   d - Petrify                        Transmutation/Earth          4
   e - Lee's Rapid Deconstruction     Earth                        5
Comestibles
 i - 11 rations


   Skills:
 + Level 7.2 Fighting
 * Level 8.3 Long Blades
 + Level 5.7 Armour
 + Level 5.5 Dodging


You had 5 spell levels left.
You knew the following spells:

 Your Spells              Type           Power        Failure   Level  Hunger
a - Sticks to Snakes      Tmut           #.......     99%         2    N/A
b - Animate Skeleton      Necr           N/A          98%         1    N/A
c - Summon Small Mammal   Summ           #...         98%         1    N/A

Dungeon Overview and Level Annotations

Branches:
Dungeon (10/15)            Temple (0/1) D:5            Lair (0/6) D:8
    Orc: D:9-12

Altars:
Dithmenos
Elyvilon
Fedhas
Makhleb
Okawaru
Qazlal
Trog
Wu Jian
Xom
Yredelemnul

Shops:
D:8 =

Annotations:
D:6 Blork the orc
D:7 Ethylacetat's ghost, novice NaFE
D:9 tminei's ghost, novice TrBe
D:10 Urug


Innate Abilities, Weirdness & Mutations

You do not eat or drink.
Your flesh is vulnerable to fire.
You are immune to poison.
Your flesh is cold resistant. (rC+)
You are immune to negative energy. (rN+++)
You are immune to unholy pain and torment.
You can survive without breathing.


Message History

Two slime creatures merge to form a very large slime creature. x2
You slice the very large slime creature!!
The very large slime creature is moderately wounded.
The very large slime creature hits you!!!
Ouch! That really hurt!
A shower of butterflies erupts from you!
Your chain mail prevents you from hitting the very large slime creature.
The very large slime creature is moderately wounded.
The very large slime creature misses you.
You slash the very large slime creature!
The very large slime creature is moderately wounded.
The very large slime creature barely misses you. x2
You riposte.
You slice the very large slime creature!!
The very large slime creature is moderately wounded.
You slash the very large slime creature!
The very large slime creature is heavily wounded.
The very large slime creature hits you!!!
You die...
Xom roars with laughter!

## ##.## #########
#############.#.##
........###JJ@bb_.._.....#.##
###.._..†c#########.......#
#...___.### #.##<##.#
#..._..__.# #.##.#
............... #.##.#
.#.._..⌠.._.### ...#.#
##.........# ...#.#
##._..._.## ###.#.# #..._.(.#
.#.#


You could see 2 very large slime creatures and a centaur.

Vanquished Creatures
  A golden eye (shapeshifter) (D:6)
  5 yaks (D:8)
  A basilisk (D:8)
  A hungry ghost (D:5)
  3 porcupines (D:8)
  A water moccasin (D:9)
  4 ogres
  A sky beast (D:5)
  2 hornet zombies (D:7)
  2 centaurs
  2 crocodiles (D:8)
  3 bullfrogs (D:6)
  A water moccasin skeleton (D:9)
  5 scorpions
  3 wights (D:10)
  2 howler monkeys
  3 crimson imps
  3 centaur zombies
  3 orc priests
  6 orc wizards
  A gnoll shaman (D:8)
  2 hounds
  2 iguanas
  A bullfrog skeleton (D:8)
  2 worker ants
  Robin (D:4)
  4 gnolls (D:8)
  7 adders
  A shadow imp (D:5)
  An ooze (D:5)
  5 worms
  3 dart slugs
  4 leopard geckos
  24 orcs
  10 giant cockroaches
  12 goblins
  11 hobgoblins
  6 jackals
  7 quokkas
  A ball python (D:1)
  7 bats
  4 frilled lizards
  A kobold (shapeshifter) (D:4)
  4 kobolds
  A leopard gecko skeleton (D:4)
  A rat (shapeshifter) (D:5)
  10 rats
  A fungus (D:8)
  3 plants
189 creatures vanquished.

Vanquished Creatures (collateral kills)
  The ghost of dscm the Insei, a novice OpFi of Cheibriados (D:6)
  Duvessa (D:6)
  Dowan (D:6)
  A goblin (D:3)
  A rat (D:1)
5 creatures vanquished.

Vanquished Creatures (others)
  The ghost of Rwicked the Basher, a novice MiBe (D:4)
  A hound (D:6)
  A hound zombie (D:2)
  2 plants (D:8)
5 creatures vanquished.

Grand Total: 199 creatures vanquished

Notes
Turn   | Place    | Note
-------+----------+-------------------------------------------
     0 | D:1      | Kuinu the Mummy Chaos Knight began the quest for the Orb.
     0 | D:1      | Reached XP level 1. HP: 18/18 MP: 1/1
    93 | D:1      | XOM: potion effect (brilliance)
    96 | D:1      | Reached skill level 1 in Dodging
   101 | D:1      | Reached XP level 2. HP: 19/24 MP: 2/2
   109 | D:1      | XOM: fog
   227 | D:1      | XOM: god gift: 19 gold pieces
   409 | D:1      | XOM: god gift: twisted cloak {god gift}
   410 | D:1      | Got a twisted cloak {god gift}
   418 | D:1      | Identified the +3 cloak "Bocwiume" {Regen+ Dex+4} (Xom gifted it to you on level 1 of the Dungeon)
   473 | D:1      | XOM: noise
   486 | D:1      | Reached XP level 3. HP: 29/29 MP: 3/3
   581 | D:2      | XOM: noise
   976 | D:2      | XOM: divination: detect items
   977 | D:2      | Reached skill level 3 in Long Blades
  1110 | D:2      | XOM: cast spell 'Dispersal'
  1143 | D:2      | Reached XP level 4. HP: 29/35 MP: 4/4
  1407 | D:2      | XOM: cloud trail
  1553 | D:3      | XOM: cast spell 'Summon Hydra'
  1570 | D:3      | XOM: scenery: create altars
  1582 | D:3      | XOM: cast spell 'Olgreb's Toxic Radiance'
  1645 | D:3      | XOM: god gift: lumpy ruby potion {god gift}
  1654 | D:3      | Reached XP level 5. HP: 28/42 MP: 5/5
  1807 | D:3      | Found an iron altar of Okawaru.
  1829 | D:3      | XOM: enchant monster (good)
  2344 | D:3      | Found a faded altar of an unknown god.
  2344 | D:3      | XOM: swap monsters
  2365 | D:3      | XOM: summons 1 hostile demon
  2552 | D:3      | XOM: summons 2 hostile demons
  2749 | D:4      | Noticed Robin
  2770 | D:4      | Killed Robin
  2871 | D:4      | XOM: silly message
  2905 | D:4      | Reached skill level 4 in Long Blades
  2905 | D:4      | Reached XP level 6. HP: 47/48 MP: 6/6
  3027 | D:4      | Noticed Rwicked's ghost (novice MiBe)
  3055 | D:4      | Killed Rwicked's ghost
  3055 | D:4      | XOM: divine lightning
  3068 | D:4      | XOM: divination: detect items
  3103 | D:4      | Reached XP level 7. HP: 50/55 MP: 7/7
  3339 | D:4      | XOM: divination: detect creatures
  3346 | D:4      | XOM: god gift: 52 gold pieces
  3537 | D:4      | XOM: noise
  3569 | D:5      | Entered Level 5 of the Dungeon
  3634 | D:5      | Learned a level 2 spell: Sticks to Snakes
  3685 | D:5      | XOM: god gift: book of Cantrips
  3689 | D:5      | Learned a level 1 spell: Animate Skeleton
  3691 | D:5      | Learned a level 1 spell: Summon Small Mammal
  3756 | D:5      | Reached skill level 5 in Long Blades
  3811 | D:5      | XOM: medium Summ miscast
  3820 | D:5      | XOM: smoke on damage
  4060 | D:5      | Reached skill level 5 in Fighting
  4073 | D:5      | Found a staircase to the Ecumenical Temple.
  4183 | D:5      | Noticed a hungry ghost
  4191 | D:5      | XOM: chaos cloud
  4198 | D:5      | Killed a hungry ghost
  4198 | D:5      | Reached XP level 8. HP: 60/62 MP: 8/8
  4608 | D:5      | XOM: summons 4 hostile demons
  4609 | D:5      | Noticed a red devil
  4609 | D:5      | Noticed a smoke demon
  4620 | D:6      | Noticed Blork the orc
  4624 | D:6      | XOM: confusion (+ monsters)
  4630 | D:6      | Noticed Blork
  4630 | D:6      | Blork the orc changed into Blork the tengu
  4630 | D:6      | XOM: polymorph Blork the orc -> Blork the tengu
  4646 | D:6      | Noticed Blork
  4646 | D:6      | Blork the tengu changed into Blork the rime drake
  4646 | D:6      | XOM: polymorph Blork the tengu -> Blork the rime drake
  4651 | D:6      | XOM: 1-stop teleportation journey
  4656 | D:6      | XOM: harmless Pois miscast
  4669 | D:6      | XOM: mild Hex miscast
  4702 | D:6      | XOM: divine lightning
  4807 | D:6      | XOM: harmless Tmut miscast
  4828 | D:6      | XOM: mild Pois miscast
  4830 | D:6      | XOM: confusion
  4832 | D:6      | XOM: swap monsters
  4846 | D:6      | XOM: noise
  4868 | D:6      | Reached skill level 6 in Long Blades
  4914 | D:6      | XOM: swap monsters
  4923 | D:6      | XOM: harmless Conj miscast
  4989 | D:6      | XOM: harmless Chrm miscast
  4990 | D:6      | Noticed dscm's ghost (novice OpFi)
  4991 | D:6      | Noticed Dowan
  4992 | D:6      | Noticed Duvessa
  5001 | D:6      | Killed Duvessa
  5021 | D:6      | Killed dscm's ghost
  5026 | D:6      | Killed Dowan
  5066 | D:7      | XOM: divination: detect creatures
  5067 | D:7      | XOM: divination: detect creatures
  5081 | D:7      | Reached XP level 9. HP: 60/69 MP: 9/9
  5116 | D:7      | Noticed Ethylacetat's ghost (novice NaFE)
  5116 | D:7      | XOM: silly message
  5251 | D:8      | XOM: god gift: 20 stones
  5287 | D:8      | Reached skill level 7 in Long Blades
  5293 | D:8      | Found a staircase to the Lair.
  5307 | D:8      | Reached skill level 5 in Armour
  5317 | D:8      | XOM: summons friendly crimson imp
  5322 | D:8      | XOM: summons 4 friendly demons
  5365 | D:9      | XOM: fog
  5403 | D:8      | XOM: fog
  5461 | D:8      | XOM: scenery: create altars
  5502 | D:8      | XOM: god gift: robe {god gift}
  5522 | D:8      | Found a blossoming altar of Fedhas.
  5632 | D:8      | XOM: enchant monster (good)
  5633 | D:8      | Reached skill level 5 in Dodging
  5638 | D:8      | Found Rej Ocaz's Jewellery Shoppe.
  5641 | D:8      | XOM: summons friendly iron imp
  5688 | D:8      | XOM: scenery: create altars
  5761 | D:8      | XOM: 5-stop teleportation journey
  5766 | D:8      | XOM: cast spell 'Summon Small Mammal'
  6245 | D:8      | Reached skill level 8 in Long Blades
  6262 | D:8      | Reached XP level 10. HP: 66/79 MP: 10/10
  6475 | D:9      | Noticed tminei's ghost (novice TrBe)
  6490 | D:9      | XOM: harmless Fire miscast
  6502 | D:10     | Entered Level 10 of the Dungeon
  6527 | D:10     | XOM: cloud trail
  6555 | D:10     | XOM: harmless Tmut miscast
  6574 | D:10     | Noticed Urug
  6579 | D:10     | XOM: smoke on damage
  6587 | D:10     | XOM: potion effect (curing)
  6761 | D:8      | Bought a +4 ring of protection for 468 gold pieces
  6824 | D:9      | Found a bloodstained altar of Trog.
  6824 | D:9      | Found a stormy altar of Qazlal.
  6826 | D:9      | Found a blossoming altar of Fedhas.
  6826 | D:9      | Found a white marble altar of Elyvilon.
  6828 | D:9      | Found an ornate altar of the Wu Jian Council.
  6828 | D:9      | Found a shadowy altar of Dithmenos.
  6828 | D:9      | Found a burning altar of Makhleb.
  6828 | D:9      | Found a basalt altar of Yredelemnul.
  6842 | D:9      | XOM: divination: detect items
  6864 | D:9      | XOM: noise
  6868 | D:9      | XOM: scenery: create altars
  6870 | D:9      | XOM: butterfly on damage
  6873 | D:9      | Mangled by a very large slime creature

Skill      XL: |  1  2  3  4  5  6  7  8  9 |
---------------+----------------------------+-----
Dodging        | 1 2 3 4 5 |  5.5
Armour         | 2 3 4 5 |  5.7
Long Blades    | 3 4 5 6 8 |  8.3
Fighting       | 4 5 6 7 |  7.2

Action                   |  1- 3 |  4- 6 |  7- 9 | 10-12 || total
-------------------------+-------+-------+-------+-------++-------
Melee: Falchion          |   109 |   244 |   212 |       ||   565
       Great sword       |       |       |   150 |    64 ||   214
Throw: Stone             |       |       |     5 |       ||     5
  Use: Scroll            |       |       |    23 |     1 ||    24
 Stab: Sleeping          |     1 |       |       |       ||     1
       Paralysed         |       |       |     3 |       ||     3
       Petrifying        |       |       |     2 |       ||     2
       Petrified         |       |       |     2 |       ||     2
       Confused          |       |       |     3 |       ||     3
Armor: Leather armour    |    18 |       |       |       ||    18
       Chain mail        |    34 |   155 |   227 |    51 ||   467
Dodge: Dodged            |    48 |   108 |   153 |    51 ||   360
       Rpst.: Falchion   |    15 |    47 |    24 |       ||    86
       Great sword       |       |       |    16 |    12 ||    28
